 Dungeon Crawl Stone Soup version 0.22-a0-305-gd21a89c (webtiles) character file.

4 Amnesiac the Ducker (level 1, 0/10 HPs)
             Began as a Spriggan Gladiator on Mar 29, 2018.
             Slain by a leopard gecko (5 damage)
             ... on level 1 of the Dungeon.
             The game lasted 00:00:10 (114 turns).

Amnesiac the Ducker (Spriggan Gladiator)             Turns: 114, Time: 00:00:11

Health: 0/10       AC:  2    Str: 10    XL:     1   Next: 50%
Magic:  2/2        EV: 20    Int:  9    God:
Gold:   12         SH:  0    Dex: 17    Spells: 0/0 levels left

rFire    . . .     SeeInvis +   a - +0 rapier
rCold    . . .     Gourm    .   (shield restricted)
rNeg     . . .     Faith    .   b - +0 robe
rPois    .         Spirit   .   c - +0 hat
rElec    .         Reflect  .   (no cloak)
rCorr    .         Harm     .   (gloves unavailable)
MR       .....                  (boots unavailable)
Stlth    ++........             (no amulet)
HPRegen  0.03/turn              (no ring)
MPRegen  0.08/turn              (no ring)

@: very quick
A: very small, unfitting armour, see invisible, herbivore, speed 3, slow
metabolism 2
a: no special abilities


You were on level 1 of the Dungeon.
You were not hungry.

You visited 1 branch of the dungeon, and saw 1 of its levels.

You collected 12 gold pieces.

Inventory:

Hand Weapons
 a - a +0 rapier (weapon)
Missiles
 d - 3 throwing nets (quivered)
 e - a stone
Armour
 b - a +0 robe (worn)
 c - a +0 hat (worn)
Comestibles
 f - a ration


   Skills:
 - Level 1.5 Fighting
 - Level 3.2 Short Blades
 - Level 2.0 Throwing
 - Level 4.4 Dodging
 + Level 1.9 Stealth


You couldn't memorise any spells.
You didn't know any spells.

Dungeon Overview and Level Annotations

Branches:
Dungeon (1/15)

Altars:


Innate Abilities, Weirdness & Mutations

You are very small and have problems with some larger weapons.
You are too small for most types of armour.
You have supernaturally acute eyesight. (SInv)
You are a herbivore.
You cover ground extremely quickly.
You need to consume almost no food.


Message History

Welcome, Amnesiac the Spriggan Gladiator.
It is said that the Orb of Zot exists deep within this dungeon.
Press ? for a list of commands and other information.
Found a staircase leading out of the dungeon.
You open the door.
There is an open door here.
You now have 10 gold pieces.
You now have 12 gold pieces (gained 2).
A dart slug comes into view.
A dart slug is nearby!
A dart slug is nearby!
You hit the dart slug.
The dart slug is moderately wounded.
The dart slug barely misses you.
You hit the dart slug.
The dart slug is moderately wounded.
The dart slug launches a dart at you. The slug dart hits you!
You barely miss the dart slug.
The dart slug is moderately wounded.
The dart slug bites you but does no damage.
You hit the dart slug.
The dart slug is severely wounded.
The dart slug launches a dart at you. The slug dart hits you!
You hit the dart slug.
You kill the dart slug!
Your Stealth skill increases to level 1!
No target in view!
You start resting.
HP restored.
A kobold comes into view.
The kobold shouts!
The kobold throws a stone.
The stone completely misses you.
You see here a stone.
A kobold is nearby!
A kobold is nearby!
You hit the kobold but do no damage. The kobold completely misses you.
You barely miss the kobold. The kobold barely misses you.
You barely miss the kobold. The kobold completely misses you.
You hit the kobold.
You kill the kobold!
No target in view!
No target in view!
e - a stone
Found a mace.
No target in view!
A leopard gecko comes into view.
Found 17 stones.
A leopard gecko is nearby!
Found 19 stones.
A leopard gecko is nearby!
The leopard gecko hisses angrily.
The leopard gecko completely misses you.
You miss the leopard gecko. The leopard gecko bites you.
* * * LOW HITPOINT WARNING * * *
You barely miss the leopard gecko. The leopard gecko closely misses you.
You closely miss the leopard gecko. The leopard gecko bites you.
Ouch! That really hurt!
You die...

###########
#......(..#
#.........#
#.......(.#
#...l.....#
#...@.....#
#.........#
#.........#
#)........# ....
+.........#
##.......##.........#
.........#######.####
......... #.#####
.......# #.....#


You could see a leopard gecko.

Vanquished Creatures
  A dart slug (D:1)
  A kobold (D:1)
2 creatures vanquished.

Notes
Turn   | Place    | Note
-------+----------+-------------------------------------------
     0 | D:1      | Amnesiac the Spriggan Gladiator began the quest for the Orb.
     0 | D:1      | Reached XP level 1. HP: 10/10 MP: 2/2
    31 | D:1      | Reached skill level 1 in Stealth
   114 | D:1      | Slain by a leopard gecko

Vault maps used:
D:1:      dpeg_arrival_shelter

Skill      XL: |  1 |
---------------+----+-----
Stealth        | 1 |  1.9
Fighting       | |  1.5
Short Blades   | |  3.2
Throwing       | |  2.0
Dodging        | |  4.4

Action                   || total
-------------------------++-------
Melee: Rapier            ||    12
Armor: Robe              ||     2
Dodge: Dodged            ||     7

Table legend:
 A = Spawn XP
 B = Non-spawn XP
 C = Spawn XP percentage of total XP
 D = Spawn monster count
 E = Non-spawn monster count
 F = Spawn count percentage of total count
 G = Total turns spent on level
                    A         B        C        D         E        F      G
               +---------+---------+-------+---------+---------+-------+---------
         Total |       0 |       6 |   0.0 |       0 |       2 |   0.0 |   114
               +---------+---------+-------+---------+---------+-------+---------
           D:1 |       0 |       6 |   0.0 |       0 |       2 |   0.0 |   114
               +---------+---------+-------+---------+---------+-------+---------
